 Dungeon Sprint DCSS version 0.27-a0-998-g4cfe56dd59 (webtiles) character file.

Game seed: 5810306674620421197

539 ShadedKnight the Placeless Troll (level 7, -8/108 HPs)
             Began as a Troll Warper on Apr 16, 2021.
             Was a Priest of Ru.
             Mangled by a fire crab (13 damage)
             ... in the Dungeon (Sprint VII: "The Pits").
             The game lasted 00:03:18 (312 turns).

ShadedKnight the Placeless Troll (Troll Warper)      Turns: 312, Time: 00:03:18

Health: -8/108     AC:  4    Str: 20    XL:     7   Next: 5%
Magic:  4/9        EV: 10    Int: 11    God:    Ru [***...]
Gold:   0          SH:  0    Dex:  9    Spells: 5/10 levels left

rFire    x . .     SeeInvis .     - Unarmed
rCold    x . .     Faith    .   (no shield)
rNeg     . . .     Spirit   .   a - +0 robe
rPois    .         Reflect  .   (helmet restricted)
rElec    .         Harm     .   (no cloak)
rCorr    .         Rampage  .   (gloves unavailable)
Will     .....     NoTele   +   (boots unavailable)
Stlth    ..........             (no amulet)
HPRegen  1.28/turn              (no ring)
MPRegen  0.11/turn              (no ring)

@: berserking (expiring), extremely horrified, very slightly contaminated,
invisible, very quick
A: large, unfitting armour, claws 3, regeneration 1, shaggy fur 1, tough skin 1,
cowardly, temperature sensitive
a: Renounce Religion, Draw Out Power


You were in the Dungeon.
You worshipped Ru.
Ru was most pleased with you.
You visited 1 branch


Innate Abilities, Weirdness & Mutations

You are too large for most types of armour.
You have claws for hands.
Your natural rate of healing is unusually fast.
You are covered in fur. (AC +1)
You have tough skin. (AC +1)
Your cowardice makes you less effective in combat with threatening monsters.
You are sensitive to extremes of temperature. (rF-, rC-)


   Skills:
 - Level 5.4 Fighting
 - Level 0.8 Throwing
 - Level 4.1 Dodging
 - Level 6.6 Unarmed Combat
 - Level 2.0 Spellcasting
 * Level 8.9 Translocations


You had 5 spell levels left.
You knew the following spells:

 Your Spells              Type           Power      Damage    Failure   Level
a - Manifold Assault      Tloc           14%        N/A       21%         5

Your spell library contained the following spells:

 Spells                   Type           Power      Damage    Failure   Level
 Blink                    Tloc           N/A        N/A       1%          2
 Gell's Gravitas          Tloc           7%         N/A       2%          3
 Lesser Beckoning         Tloc           7%         N/A       2%          3
 Teleport Other           Tloc           14%        N/A       2%          3

Inventory:

Missiles
 d - 5 boomerangs of dispersal (quivered)
Armour
 a - a +0 robe (worn)
Scrolls
 c - 2 scrolls of blinking
 e - 5 scrolls of amnesia
 j - a scroll of summoning
Potions
 b - a potion of invisibility
 f - 6 potions of heal wounds
 h - 4 potions of magic
 i - 2 potions of berserk rage
 k - 4 potions of curing

Dungeon Overview and Level Annotations

Branches:
Dungeon (1/1)

Altars:
Ashenzari
Cheibriados
Dithmenos
Elyvilon
Fedhas
Gozag
Hepliaklqana
Kikubaaqudgha
Makhleb
Nemelex Xobeh
Okawaru
Qazlal
Ru
Sif Muna
Trog
Uskayaw
Vehumet
Wu Jian
Xom
Yredelemnul
Zin
The Shining One
Beogh
Jiyva
Lugonu

#.#........##.......#
#†###########.......#
#..)....#..##########
#..#.#..#.# ####
#.##.##.#)#....#
#.......#)#....#
#.##.##.#.K.t..+
#..#.#..#'#
#.......@t#
###########


You could see a fire crab (slow) and a kobold brigand.


Message History

You reel with horror at the sight of these foes!!!
There is an open door, spattered with blood here!
You eviscerate the fire crab!
The fire crab is lightly wounded!
The kobold brigand hits you with a +0 dagger!
You barely miss the fire crab!
The fire crab is lightly wounded!
The fire crab closely misses you! The fire crab barely misses you!
You eviscerate the fire crab but do no damage!
You claw the fire crab!!!!!!
The fire crab is heavily wounded!
The fire crab bites you!!!
You are engulfed in flames!!!!!!
The fire burns you terribly!!!
The fire crab claws you!!! * * * don't die
* * * You are engulfed in flames!!!!!!
The fire burns you terribly!!! * * * don't die
* * * You focus your inner power and slow the fire crab in retribution!!!
You barely miss the fire crab!
The fire crab is heavily wounded!
You barely miss the fire crab!
The fire crab is heavily wounded!
The kobold brigand throws a poisoned dart!
The poisoned dart closely misses the fire crab!
You strike the helpless fire crab from behind!!!
You eviscerate the fire crab!
The fire crab is heavily wounded!
The fire crab barely misses you!
The fire crab claws you! * * * don't die
* * * You are engulfed in flames!!!
The fire burns you terribly!!! rip

Skill      XL: |  1  2  3  4  5  6 |
---------------+-------------------+-----
Fighting       | 2 5 |  5.4
Dodging        | 2 3 4 |  4.1
Unarmed Combat | 3 6 |  6.6
Spellcasting   | 2 |  2.0
Translocations | 6 8 |  8.9
Throwing       | |  0.8

Action                   |  1- 3 |  4- 6 |  7- 9 || total
-------------------------+-------+-------+-------++-------
Melee: Unarmed           |    29 |    66 |     6 ||   101
       Punch             |       |     3 |     1 ||     4
Invok: Sacrifice Resista |       |     1 |       ||     1
       Sacrifice Courage |       |     1 |       ||     1
  Use: Potion            |     1 |     4 |       ||     5
 Stab: Invisible         |       |     1 |     1 ||     2
Armor: Robe              |     4 |    11 |       ||    15
Dodge: Dodged            |    11 |    21 |     5 ||    37

Levels and vault maps discovered:
D:        pitsprint [storerooms_1, entrance_room_1, metal_vault_1, armoury_1,
          mini_pit_1, grid_room_1, main_hall_1, silver_pit, the_coven_3,
          the_vestibule_1, steel_vault_1, golden_pit, hallway_of_sentries,
          crystal_vault_1, iron_vault_1, final_vault]

Notes
Turn   | Place    | Note
-------+----------+-------------------------------------------
     0 | D        | ShadedKnight the Troll Warper began the quest for the Orb.
     0 | D        | Reached XP level 1. HP: 19/19 MP: 1/1
    26 | D        | Reached XP level 2. HP: 22/29 MP: 2/2
    49 | D        | Found a glowing golden altar of the Shining One.
    49 | D        | Found a glowing silver altar of Zin.
    49 | D        | Found a basalt altar of Yredelemnul.
    49 | D        | Found a shimmering altar of Xom.
    49 | D        | Found an ornate altar of the Wu Jian Council.
    49 | D        | Found a bloodstained altar of Trog.
    49 | D        | Found a shimmering blue altar of Sif Muna.
    49 | D        | Found a sacrificial altar of Ru.
    49 | D        | Found a stormy altar of Qazlal.
    49 | D        | Found an iron altar of Okawaru.
    49 | D        | Found a sparkling altar of Nemelex Xobeh.
    49 | D        | Found a burning altar of Makhleb.
    49 | D        | Found a viscous altar of Jiyva.
    49 | D        | Found a hazy altar of Hepliaklqana.
    49 | D        | Found an opulent altar of Gozag.
    49 | D        | Found a blossoming altar of Fedhas.
    49 | D        | Found a white marble altar of Elyvilon.
    49 | D        | Found a shadowy altar of Dithmenos.
    49 | D        | Found a snail-covered altar of Cheibriados.
    50 | D        | Found a radiant altar of Vehumet.
    50 | D        | Found a corrupted altar of Lugonu.
    51 | D        | Found an ancient bone altar of Kikubaaqudgha.
    51 | D        | Found a hide-covered altar of Uskayaw.
    51 | D        | Found a broken altar of Ashenzari.
    53 | D        | Became a worshipper of Ru the Awakened
    71 | D        | Noticed a floating eye
    76 | D        | Paralysed by a floating eye for 4 turns
    85 | D        | Killed a floating eye
    86 | D        | Reached skill level 5 in Fighting
    86 | D        | Reached XP level 3. HP: 42/42 MP: 3/3
    86 | D        | Reached XP level 4. HP: 50/50 MP: 4/4
   117 | D        | Reached XP level 5. HP: 57/57 MP: 4/6
   117 | D        | Gained mutation: You are sensitive to extremes of
                  | temperature. (rF-, rC-) [Ru sacrifice]
   117 | D        | Reached * piety under Ru
   117 | D        | Reached ** piety under Ru
   140 | D        | Learned a level 5 spell: Manifold Assault
   212 | D        | Reached skill level 3 in Translocations
   220 | D        | Reached skill level 5 in Translocations
   230 | D        | Reached skill level 6 in Translocations
   230 | D        | Reached XP level 6. HP: 43/66 MP: 8/8
   237 | D        | Reached skill level 7 in Translocations
   261 | D        | Reached skill level 8 in Translocations
   277 | D        | Gained mutation: Your cowardice makes you less effective in
                  | combat with threatening monsters. [Ru sacrifice]
   277 | D        | Reached *** piety under Ru
   295 | D        | Noticed a fire crab
   306 | D        | Reached XP level 7. HP: 72/72 MP: 4/9
   309 | D        | HP: 5/108 [fire crab (22)]
   312 | D        | Mangled by a fire crab

Vanquished Creatures
  A floating eye (D)
  A phantom (D)
  A kobold brigand (D)
  A scorpion (D)
  2 wights (D)
  A hound (D)
  A quasit (D)
  2 iguanas (D)
  An adder (D)
  A river rat (D)
  A white imp (D)
  An ufetubus (D)
  2 orcs (D)
  A bat skeleton (D)
  An endoplasm (D)
  A goblin (D)
  A ball python skeleton (D)
  A ball python zombie (D)
  A quokka skeleton (D)
  A rat (D)
23 creatures vanquished.

Table legend: (Time is in decaauts)
 A = Elapsed time spent in this place.
 B = Non-inter-level travel time spent in this place.
 C = Inter-level travel time spent in this place.
 D = Time resting spent in this place.
 E = Time spent auto-exploring this place.
 F = Levels seen in this place.
 G = Mean time per level.
                   A        B        C        D        E       F      G
               +--------+--------+--------+--------+--------+-----+--------+
         Total |    279 |    279 |      0 |     38 |      0 |   1 |  279.0 |
       Dungeon |    279 |    279 |      0 |     38 |      0 |   1 |  279.0 |
               +--------+--------+--------+--------+--------+-----+--------+

Top non-repeatable levels by time:
       D: 279 daAuts

Table legend:
 A = Non-vault XP
 B = Vault XP
 C = Vault XP percentage of total XP
 D = Non-vault monster count
 E = Vault monster count
 F = Vault count percentage of total count
                 A         B        C        D         E       F
            +---------+---------+-------+---------+---------+-------
      Total |       0 |     770 | 100.0 |       0 |      23 | 100.0
            +---------+---------+-------+---------+---------+-------
          D |       0 |     770 | 100.0 |       0 |      23 | 100.0
            +---------+---------+-------+---------+---------+-------
